 Dungeon Crawl Stone Soup version 0.30.1-9-gdf580d7c3d (webtiles) character file.

Game seed: 17927743109305490060

516 Arex the Shield-Bearer (level 6, -4/49 (52) HPs)
             Began as a Demigod Fighter on Oct 5, 2023.
             Slain by a wight
             ... wielding a +0 morningstar
              (13 damage)
             ... on level 5 of the Dungeon.
             The game lasted 00:04:40 (4932 turns).

Arex the Shield-Bearer (Demigod Fighter)            Turns: 4932, Time: 00:04:41

HP:   -4/49 (52)    AC: 10    Str: 25    XL:     6   Next: 68%
MP:   8/8           EV:  8    Int: 10    God:
Gold: 236           SH:  5    Dex: 13    Spells: 5/5 levels left

rFire   . . .        a - +0 war axe
rCold   . . .        c - +0 buckler
rNeg    + . .        k - +0 chain mail
rPois   .            h - +0 helmet
rElec   .            (no cloak)
rCorr   .            (no gloves)
SInv    .            (no boots)
Will    .....        (no amulet) Stlth
                     s - ring of positive energy
HPRegen 0.28/turn    (no ring)
MPRegen 0.11/turn

%: no passive effects
@: mighty, drained
A: high MP 1, forlorn, divine attributes
a: no special abilities


You were on level 5 of the Dungeon.
You visited 1 branch of the dungeon, and saw 5 of its levels.

You collected 236 gold pieces.

Inventory:

Hand Weapons
 a - a +0 war axe (weapon)
 p - a +1 hand axe of venom
Armour
 b - a +0 scale mail
 c - a +0 buckler (worn)
 h - a +0 helmet (worn)
 k - a +0 chain mail (worn)
Jewellery
 s - a ring of positive energy (left hand)
Wands
 f - a wand of charming (6)
 q - a wand of flame (27)
 r - a wand of digging (1)
Scrolls
 e - a scroll of fear
 g - a scroll of silence
 n - a scroll of magic mapping {unknown}
 o - a scroll of fog {unknown}
Potions
 d - a potion of might
 i - a potion of invisibility {unknown}
 j - 2 potions of degeneration
 l - a potion of brilliance {unknown}
 m - a potion of attraction
 t - a potion of resistance {unknown}


   Skills:
 + Level 4.2 Fighting
 + Level 3.7 Axes
 + Level 4.2 Armour
 + Level 4.3 Shields


You had 5 spell levels left.
You didn't know any spells.
Your spell library contained the following spells:

 Spells                   Type           Power      Damage    Failure   Level
 Ozocubu's Armour         Ice            0%         N/A       100%        3
 Ozocubu's Refrigeration  Ice            0%         4d7       100%        7


Dungeon Overview and Level Annotations

Branches:
Dungeon (5/15) Zot: 24938  Temple (0/1) D:4


Innate Abilities, Weirdness & Mutations

You have an increased reservoir of magic. (+10% MP)
You shall have no god before yourself.
Your divine heritage dramatically boosts your attributes as you level up.


Message History

You are too injured to fight recklessly!
You are too injured to fight recklessly!
You are too injured to fight recklessly!
You are too injured to fight recklessly!
You are too injured to fight recklessly!
You are too injured to fight recklessly!
You are too injured to fight recklessly!
You are too injured to fight recklessly!
You are too injured to fight recklessly!
You are too injured to fight recklessly!
You are too injured to fight recklessly!
Unknown command.
You closely miss the wight.
The wight is heavily damaged.
You barely miss the wight. The wight barely misses you.
You block the wight's attack.
The wight hits you from afar with a +0 trident.
You partially resist.
You feel drained.
Unknown command.
You slash the wight!
The wight is severely damaged.
You hit the wight.
The wight hits you with a +0 morningstar!
The wight closely misses you. The wight barely misses you.
Unknown command.
You hit the wight but do no damage.
The wight is severely damaged.
You hit the wight but do no damage. The wight hits you but does no damage.
The wight hits you from afar with a +0 trident.
You block the wight's attack. The wight closely misses you.
The wight hits you from afar with a +0 trident!
* * * LOW HITPOINT WARNING * * *
You block the wight's attack. The wight hits you but does no damage.
There are monsters nearby!
Unknown command.
There are monsters nearby!
You feel very mighty all of a sudden.
The wight hits you with a +0 morningstar!
You die...

.........#
#........# #
........ ..
......## #..
#......#
#...##.....#
.......z..#
#...zz@.####
#.....?....###
##.#..#......#
...#..#......##
.......#.##....##
...............#
..............##
....#..†##..#..##
........##......#


You could see 3 wights.

Vanquished Creatures
  An ice beast (D:4)
  An orc priest (D:3)
  2 hounds (D:4)
  Ijyb (D:3)
  2 iguanas
  An orc wizard (D:3)
  Robin (D:2)
  7 gnolls
  4 adders
  A worm (D:3)
  5 dart slugs
  9 orcs
  6 ball pythons
  9 endoplasms
  3 giant cockroaches
  15 goblins
  8 hobgoblins
  8 jackals
  2 quokkas
  7 bats
  5 frilled lizards
  5 kobolds
  6 rats
109 creatures vanquished.

Notes
Turn   | Place    | Note
-------+----------+-------------------------------------------
     0 | D:1      | Arex the Demigod Fighter began the quest for the Orb.
     0 | D:1      | Reached XP level 1. HP: 18/18 MP: 3/3
   328 | D:1      | Reached XP level 2. HP: 25/25 MP: 4/4
   930 | D:2      | Reached XP level 3. HP: 31/31 MP: 5/5
   959 | D:2      | Identified the +11 mace of Hell's Wrath {venom, Will+ MP+9
                  | Dex-4}
  1805 | D:2      | Noticed Robin
  1819 | D:2      | Reached XP level 4. HP: 23/38 MP: 6/6
  1829 | D:2      | Killed Robin
  2718 | D:3      | Reached XP level 5. HP: 32/45 MP: 7/7
  3254 | D:3      | Noticed Ijyb
  3261 | D:3      | Killed Ijyb
  4027 | D:4      | Found a staircase to the Ecumenical Temple.
  4041 | D:4      | Reached XP level 6. HP: 48/52 MP: 8/8
  4897 | D:5      | Entered Level 5 of the Dungeon
  4932 | D:5      | Slain by a wight

Illustrated notes

Levels and vault maps discovered:
D:1:      spicycebolla_arrival_clurvy, layout_loops_ring,
          hangedman_abyss_or_decor_stabs
D:2:      layout_basic, serial_bayou_crossing, uniq_robin
D:3:      layout_loops_cross, pdpol_temple_overflow_zin_treasury_gozag_greed,
          marbit_many_paths, serial_glass, glass_columns_b, glass_columns_b,
          uniq_ijyb
D:4:      layout_loops_ring, minmay_temple_entry_gardened_gates,
          amcnicky_mini_rare_corridor_liquid
D:5:      layout_cave_pools, mainiacjoe_overflow_alcove_1

Skill      XL: |  1  2  3  4  5  6 |
---------------+-------------------+-----
Axes           | 2 3 |  3.7
Fighting       | 3 4 |  4.2
Armour         | 3 4 |  4.2
Shields        | 3 4 |  4.3

Action                     |  1- 3 |  4- 6 || total
---------------------------+-------+-------++-------
  Melee: War axe           |   163 |   105 ||   268
         Hand axe          |       |    63 ||    63
    Use: Scroll            |     1 |     3 ||     4
         Potion            |     1 |     1 ||     2
 Armour: Scale mail        |    53 |       ||    53
         Chain mail        |    78 |    97 ||   175
  Dodge: Dodged            |    78 |    67 ||   145
  Block: Buckler           |    36 |    40 ||    76
